 Dungeon Crawl Stone Soup version 0.29-a0-541-gaf1fc19f1b (webtiles) character file.

Game seed: 3938294343306011041

2415 Sobieck the Scholar of Death (level 9, -6/91 HPs)
             Began as a Vampire Necromancer on June 2, 2022.
             Was a Follower of Kikubaaqudgha.
             Mangled by a centaur warrior (9 damage)
             ... on level 8 of the Dungeon.
             The game lasted 00:23:27 (6964 turns).

Sobieck the Scholar of Death (Vampire Necromancer)  Turns: 6964, Time: 00:23:28

Health: -6/91      AC:  7    Str:  7    XL:     9   Next: 23%
Magic:  26/26      EV: 18    Int: 21    God:    Kikubaaqudgha [*.....]
Gold:   414        SH:  0    Dex: 15    Spells: 4/19 levels left

rFire   . . .      SeeInvis +   a - +0 dagger (distort) {!wshort}
rCold   . . .      Faith    +   (no shield)
rNeg    . . .      Spirit   .   i - +0 robe
rPois   .          Reflect  .   A - +1 helmet
rElec   .          Harm     .   D - +0 cloak
rCorr   .          Rampage  .   H - +0 pair of gloves
Will    .....                   E - +0 pair of boots
Stlth   ..........              q - amulet of faith {!P}
HPRegen 0.45/turn               s - +4 ring of evasion
MPRegen 0.20/turn               y - ring of magical power

@: berserking, healing quickly, very quick
A: alive, fangs 3, see invisible, vampiric 2
a: Exsanguinate, Renounce Religion, Unearth Wretches


You were on level 8 of the Dungeon.
You worshipped Kikubaaqudgha.
Kikubaaqudgha was aware of your devotion.
You visited 1 branch of the dungeon, and saw 8 of its levels.

You collected 414 gold pieces.


Innate Abilities, Weirdness & Mutations

Your natural rate of healing is accelerated.
You have razor-sharp teeth.
You have supernaturally acute eyesight. (SInv)
You are afflicted with vampirism and can become a bat while bloodless.


   Skills:
 - Level 2.0 Fighting
 + Level 4.2 Short Blades
 + Level 5.0 Dodging
 - Level 8.0 Stealth
 + Level 5.6 Spellcasting
 + Level 9.5 Necromancy


You had 4 spell levels left.
You knew the following spells:

 Your Spells              Type           Power      Damage    Failure   Level
a - Necrotize             Necr           100%       1d9       1%          1
b - Vampiric Draining     Necr           45%        2d9       1%          3
c - Animate Dead          Necr           45%        N/A       1%          4
d - Sublimation of Blood  Necr           45%        N/A       1%          2
e - Agony                 Necr           45%        N/A       5%          5

Your spell library contained the following spells:

 Spells                   Type           Power      Damage    Failure   Level
 Blink                    Tloc           10%        N/A       16%         2
 Conjure Flame            Conj/Fire      5%         6-21      30%         3
 Ignite Poison            Fire/Tmut/Pois 5%         N/A       30%         3
 Cause Fear               Hex            2%         N/A       71%         4
 Sticky Flame             Conj/Fire      5%         2d3       71%         4
 Manifold Assault         Tloc           5%         N/A       96%         5
 Dragon Form              Tmut           2%         N/A       100%        7
 Storm Form               Tmut/Air       2%         N/A       100%        7
 Dragon's Call            Summ           2%         N/A       100%        9

Inventory:

Hand Weapons
 a - a +0 dagger of distortion (weapon) {!wshort}
   (You took it off an orc wizard on level 6 of the Dungeon)
 b - a +1 hunting sling of freezing {sling}
   (You found it on level 5 of the Dungeon)
 e - a +0 war axe {axe}
   (You found it on level 1 of the Dungeon)
 k - a +3 hand axe {axe}
   (You found it on level 1 of the Dungeon)
 m - a +0 morningstar of protection {mace}
   (You found it on level 1 of the Dungeon)
 o - a +1 dagger {short}
   (You took it off a kobold on level 1 of the Dungeon)
 B - a +2 vampiric war axe {axe}
   (You found it on level 4 of the Dungeon)
Missiles
 c - 191 stones {throwing}
 j - a curare-tipped dart {=fthrowing}
 u - 36 poisoned darts {throwing}
 K - 4 boomerangs of dispersal {=f!fthrowing}
Armour
 i - a +0 robe (worn)
 p - a +0 ring mail
   (You found it on level 1 of the Dungeon)
 r - a +0 leather armour
   (You found it on level 1 of the Dungeon)
 w - a +0 leather armour
   (You found it on level 2 of the Dungeon)
 z - a +0 animal skin
   (You took it off Robin on level 2 of the Dungeon)
 A - a +1 helmet (worn)
   (You took it off Robin on level 2 of the Dungeon)
 C - a +0 scale mail
   (You found it on level 3 of the Dungeon)
 D - a +0 cloak (worn)
   (You found it on level 3 of the Dungeon)
 E - a +0 pair of boots (worn)
   (You found it on level 3 of the Dungeon)
 G - a +0 ring mail
   (You took it off Terence on level 3 of the Dungeon)
 H - a +0 pair of gloves (worn)
   (You found it on level 5 of the Dungeon)
 I - a +0 robe
   (You found it on level 3 of the Dungeon)
 M - a +0 leather armour
   (You found it on level 3 of the Dungeon)
 P - a +0 robe
   (You took it off an orc wizard on level 6 of the Dungeon)
 Q - a +2 pair of boots
   (You found it on level 5 of the Dungeon)
 R - a +0 chain mail
   (You took it off an orc warrior on level 6 of the Dungeon)
 S - a +0 robe
   (You found it on level 5 of the Dungeon)
 T - a +0 ring mail
   (You took it off an orc on level 6 of the Dungeon)
 V - a +0 ring mail
   (You found it on level 6 of the Dungeon)
 W - a +0 leather armour
   (You took it off a kobold on level 6 of the Dungeon)
 Y - a +0 ring mail
   (You found it on level 6 of the Dungeon)
Jewellery
 q - an amulet of faith (around neck) {!P}
   (You found it on level 1 of the Dungeon)
 s - a +4 ring of evasion (left hand)
   (You found it on level 2 of the Dungeon)
 y - a ring of magical power (right hand)
   (You found it on level 4 of the Dungeon)
 F - a +4 ring of evasion
   (You found it on level 3 of the Dungeon)
 N - a ring of fire
   (You found it on level 3 of the Dungeon)
Wands
 U - a wand of digging (8)
   (You found it on level 6 of the Dungeon)
Scrolls
 f - 2 scrolls of vulnerability {!r!r}
 g - a scroll of noise {unknown}
 v - a scroll of fog
 Z - 2 scrolls of teleportation {@r4}
Potions
 d - a potion of attraction {unknown}
 l - a potion of haste {unknown}
 n - 3 potions of lignification {!q}
 t - 2 potions of flight
 x - 2 potions of brilliance
 J - a potion of magic
 L - a potion of heal wounds {unknown}
 O - a potion of resistance
 X - a potion of curing {unknown}

Dungeon Overview and Level Annotations

Branches:
Dungeon (8/15)             Temple (0/1) D:5
   Lair: D:8-11

Altars:
Ashenzari
Cheibriados
Fedhas
Gozag
Kikubaaqudgha
Ru
Trog
Uskayaw
The Shining One

Annotations:
D:3 Ijyb

## . ## ####. ..#. #.#.
######.#.
#################........
........@).).............
#######c#########.#<.<...
#..# #..รท#.... ##+#
###...#.# ##.## ###....
#...# #.#.. ##.#### #....
#$##.##.##.##. #....
#....c.).cc... ####


You could see a centaur warrior.


Message History

Your reaping aura expires.
Unknown command.
You start resting.
Unknown command.
You climb downwards.
Your mindless puppets stay behind to rot.
There is a stone staircase leading up here.
Danger!
Unknown command.
Casting: Animate Dead (dangerous; 2% risk of failure)
Confirm with . or Enter, or press ? or * to list all spells.
You call upon the dead to rise.
The howler monkey completely misses you.
You closely miss the howler monkey.
The howler monkey hoots and howls with incredible vigour!
You hear a shout!
You hear two shouts!
You hit the howler monkey.
The howler monkey is devoured by a tear in reality.
The orc priest shouts!
Danger!
The orc priest looks braver for a moment.
You hit the orc priest.
Space warps around the orc priest.
The orc priest barely misses you.
Unknown command.
You hit the orc priest. You bite the orc priest.
The orc priest blinks!
You hit the wight but do no damage.
Space warps horribly around the wight!
The wight barely misses you.
Unknown command.
You hit the wight but do no damage.
Space warps horribly around the wight!
You destroy the wight!
Kikubaaqudgha accepts your kill.
Things that are here:
a +3 dagger of freezing {short}; a +0 robe; 13 gold pieces Unknown command.
The orc misses you.
You hit the orc.
Space warps around the orc.
You kill the orc!
Kikubaaqudgha accepts your kill.
You hit the orc priest.
Space warps horribly around the orc priest!
You kill the orc priest!
Kikubaaqudgha accepts your kill.
The dead are walking!
Your Dodging skill increases to level 5!
Things that are here:
a +0 club {mace}; a +0 dagger {short} You swap places.
There is an open door here.
A manticore comes into view.
A centaur warrior comes into view.
The manticore moves out of view.
Danger!
The centaur warrior wields a +0 shortbow.
The centaur warrior shoots an arrow.
The arrow hits you!
A centaur warrior comes into view.
The centaur warrior shoots an arrow.
The arrow barely misses you.
The centaur warrior shoots an arrow.
The arrow hits you!!
* * * LOW HITPOINT WARNING * * *
Unknown command.
The centaur warrior shoots an arrow.
The arrow misses you.
You hear a shout!
You swap places.
You hear a roar!
You hear a shout!
The centaur warrior shoots an arrow.
The arrow hits your orc priest zombie!!
The centaur warrior shoots an arrow.
The arrow hits your orc priest zombie!!
Your orc priest zombie is destroyed!
Danger!
The centaur warrior shoots an arrow.
The arrow completely misses you.
The centaur warrior shoots an arrow.
The arrow hits you!
* * * LOW HITPOINT WARNING * * *
There is an open door here.
The centaur warrior shoots an arrow.
The arrow barely misses you.
You close the door.
Your reaping aura is weakening.
Things that are here:
a +0 club {mace}; a +0 dagger {short} Danger!
The centaur warrior shoots an arrow.
The arrow hits you!
* * * LOW HITPOINT WARNING * * *
Things that are here:
a +0 club {mace}; a +0 dagger {short} The centaur warrior unwields a +0 shortbow.
The centaur warrior misses you. The centaur warrior kicks you.
* * * LOW HITPOINT WARNING * * *
Really quaff
h - a potion of berserk rage {!q}?
Okay, then.
Really quaff
h - a potion of berserk rage {!q}?
A red film seems to cover your vision as you go berserk!
You feel yourself moving faster!
You feel mighty!
Your reaping aura expires.
The centaur warrior hits you.
* * * LOW HITPOINT WARNING * * *
The centaur warrior kicks you.
* * * LOW HITPOINT WARNING * * *
The centaur warrior barely misses you. The centaur warrior closely misses you.
Unknown command.
You hit the centaur warrior.
Space warps horribly around the centaur warrior!
You bite the centaur warrior. The centaur warrior hits you!
You die...
Kikubaaqudgha rasps: "You have failed me!
Welcome... death!"

Skill      XL: |  1  2  3  4  5  6  7  8  9 |
---------------+----------------------------+-----
Necromancy     | 5 6 7 9 |  9.5
Stealth        | 4 5 6 7 8 |  8.0
Spellcasting   | 3 4 5 |  5.6
Dodging        | 3 4 5 |  5.0
Short Blades   | 1 2 3 4 |  4.2
Fighting       | 1 2 |  2.0

Action                   |  1- 3 |  4- 6 |  7- 9 || total
-------------------------+-------+-------+-------++-------
Melee: War axe           |    17 |       |       ||    17
       Bite              |     5 |    12 |    31 ||    48
       Dagger            |    45 |   129 |   229 ||   403
       Punch             |     1 |     4 |     5 ||    10
 Fire: Hunting sling     |       |       |     2 ||     2
 Cast: Necrotize         |    31 |    24 |    13 ||    68
       Vampiric Draining |       |    13 |    18 ||    31
       Animate Dead      |       |     1 |    12 ||    13
Invok: Unearth Wretches  |       |       |     1 ||     1
  Use: Scroll            |       |     9 |     9 ||    18
       Potion            |       |       |     3 ||     3
 Stab: Sleeping          |     9 |     8 |     5 ||    22
       Distracted        |       |       |     1 ||     1
       Paralysed         |       |       |     1 ||     1
Armor: Robe              |    19 |    18 |    57 ||    94
Dodge: Dodged            |    51 |   129 |   153 ||   333

Levels and vault maps discovered:
D:1:      dpeg_arrival_concentric_ovals, layout_basic, basic_ecumenical_altar,
          minmay_misc_feat_cross
D:2:      layout_basic, corexii_corridor_pit, hangedman_decor_points,
          kennysheep_generic_room_10, uniq_robin
D:3:      layout_basic, uniq_ijyb, uniq_terence, uniq_jessica
D:4:      dreamdust_elfheim, layout_cave_pools, hangedman_feature_mirror
D:5:      layout_cave_pools, grunt_temple_overflow_octagram,
          gammafunk_temple_overflow_wave, minmay_temple_entry_gardened_gates
D:6:      layout_cave_pools, uniq_menkaure
D:7:      layout_cave_pools, feat_on_display
D:8:      hangedman_cross_veins, layout_basic, lair_entry_dummy

Notes
Turn   | Place    | Note
-------+----------+-------------------------------------------
     0 | D:1      | Sobieck the Vampire Necromancer began the quest for the
                  | Orb.
     0 | D:1      | Reached XP level 1. HP: 13/13 MP: 3/3
   265 | D:1      | Found a faded altar of an unknown god.
   359 | D:1      | Reached XP level 2. HP: 18/19 MP: 5/5
   731 | D:1      | You add the spells Conjure Flame, Ignite Poison and Sticky
                  | Flame to your library.
   913 | D:1      | Reached skill level 5 in Necromancy
  1035 | D:2      | Noticed Robin
  1039 | D:2      | Gained mutation: You are afflicted with vampirism and can
                  | become a bat while bloodless. [Vampire growth]
  1039 | D:2      | Reached XP level 3. HP: 23/24 MP: 3/6
  1101 | D:1      | Learned a level 3 spell: Vampiric Draining
  1477 | D:2      | Killed Robin
  1478 | D:2      | Reached skill level 4 in Stealth
  1482 | D:2      | Reached XP level 4. HP: 30/30 MP: 1/8
  1540 | D:2      | Learned a level 4 spell: Animate Dead
  2351 | D:3      | Noticed Terence
  2369 | D:3      | Reached skill level 3 in Spellcasting
  2371 | D:3      | Killed Terence
  2372 | D:3      | Reached skill level 6 in Necromancy
  2372 | D:3      | Reached XP level 5. HP: 25/35 MP: 0/9
  2524 | D:3      | Noticed Ijyb
  2839 | D:3      | Noticed Jessica
  2848 | D:3      | Killed Jessica
  2849 | D:3      | Reached skill level 3 in Dodging
  2886 | D:3      | You add the spells Blink, Manifold Assault and Storm Form
                  | to your library.
  3326 | D:4      | Noticed a black bear
  3371 | D:4      | Killed a black bear
  3372 | D:4      | Reached skill level 5 in Stealth
  3372 | D:4      | Reached XP level 6. HP: 31/41 MP: 0/11
  3543 | D:4      | Reached skill level 4 in Spellcasting
  3692 | D:4      | Reached skill level 7 in Necromancy
  3795 | D:4      | Reached skill level 1 in Short Blades
  3795 | D:4      | Reached XP level 7. HP: 41/46 MP: 12/13
  3971 | D:4      | You pick up a book of the Dragon and begin reading...
  3971 | D:4      | You add the spells Cause Fear, Dragon Form and Dragon's
                  | Call to your library.
  4302 | D:5      | Entered Level 5 of the Dungeon
  4355 | D:5      | Found a snail-covered altar of Cheibriados.
  4370 | D:5      | Found a sacrificial altar of Ru.
  4377 | D:5      | Found an opulent altar of Gozag.
  4392 | D:5      | Found a bloodstained altar of Trog.
  4399 | D:5      | Found an ancient bone altar of Kikubaaqudgha.
  4403 | D:5      | Became a worshipper of Kikubaaqudgha
  4441 | D:5      | Found a blossoming altar of Fedhas.
  4570 | D:5      | Found a staircase to the Ecumenical Temple.
  4654 | D:5      | Reached skill level 2 in Short Blades
  4654 | D:5      | Reached skill level 6 in Stealth
  4898 | D:5      | Reached skill level 4 in Dodging
  4991 | D:5      | Found a hide-covered altar of Uskayaw.
  4991 | D:5      | Found a broken altar of Ashenzari.
  5080 | D:5      | Reached XP level 8. HP: 52/52 MP: 3/15
  5206 | D:6      | Noticed Menkaure
  5220 | D:6      | HP: 12/52 [necrophage (3)]
  5225 | D:5      | HP: 13/75 [necrophage (1)]
  5233 | D:5      | Reached skill level 3 in Short Blades
  5353 | D:6      | Killed Menkaure
  5354 | D:6      | Reached skill level 7 in Stealth
  5354 | D:6      | Reached skill level 5 in Spellcasting
  5354 | D:6      | Reached skill level 8 in Necromancy
  5523 | D:6      | Reached skill level 9 in Necromancy
  5541 | D:6      | Reached * piety under Kikubaaqudgha
  5541 | D:6      | Received a gift from Kikubaaqudgha
  5650 | D:6      | Reached skill level 1 in Fighting
  6191 | D:7      | Reached XP level 9. HP: 37/59 MP: 17/17
  6407 | D:7      | Identified the +0 long sword of Breach {freeze, Fly Will+
                  | Str+3 Int+2}
  6575 | D:7      | Reached skill level 2 in Fighting
  6575 | D:7      | Reached skill level 4 in Short Blades
  6575 | D:7      | Reached skill level 8 in Stealth
  6578 | D:7      | Learned a level 2 spell: Sublimation of Blood
  6584 | D:7      | Learned a level 5 spell: Agony
  6717 | D:8      | Identified the +0 robe of Mapnay Hama {+Blink rPois rF-
                  | SInv}
  6937 | D:8      | Reached skill level 5 in Dodging
  6946 | D:8      | Noticed a manticore
  6946 | D:8      | Noticed a centaur warrior
  6948 | D:8      | Noticed a centaur warrior
  6961 | D:8      | HP: 4/61 [centaur warrior/arrow (17)]
  6964 | D:8      | Mangled by a centaur warrior

Vanquished Creatures
  A cyclops (D:8)
  Menkaure (D:6)
  An orc warrior (D:6)
  An ice beast (D:5)
  2 sky beasts (D:6)
  A black bear (D:4)
  3 ogres
  A phantom (D:7)
  A kobold brigand (D:5)
  A necrophage (D:5)
  3 scorpions
  A bullfrog (D:6)
  A wight (D:8)
  3 hounds
  2 orc priests
  A jelly (D:7)
  Jessica (D:3)
  2 iguanas
  Terence (D:3)
  An orc wizard (D:6)
  Robin (D:2)
  3 gnolls (D:6)
  4 adders
  A white imp (D:6)
  3 worms
  2 dart slugs
  9 orcs
  10 ball pythons
  3 bats (D:1)
  6 endoplasms
  A giant cockroach (D:3)
  15 goblins
  10 hobgoblins
  17 kobolds
  2 quokkas (D:2)
  3 frilled lizards
  6 rats
125 creatures vanquished.

Vanquished Creatures (collateral kills)
  A phantom (D:5)
  A kobold brigand (D:6)
  3 scorpions
  A howler monkey (D:6)
  An adder (D:5)
  A gnoll (D:6)
  A white imp (D:6)
  3 orcs
  A goblin (D:2)
  A hobgoblin (D:4)
  A quokka (D:4)
  A training dummy (D:4)
  A frilled lizard (D:1)
  A kobold (D:7)
18 creatures vanquished.

Vanquished Creatures (others)
  A gnoll sergeant (D:8)
  A bullfrog zombie (D:6)
  An orc wizard (D:8)
  A gnoll zombie (D:8)
  2 orc zombies (D:8)
  5 kobold zombies (D:6)
11 creatures vanquished.

Grand Total: 154 creatures vanquished

Table legend:
 A = Non-vault XP
 B = Vault XP
 C = Vault XP percentage of total XP
 D = Non-vault monster count
 E = Vault monster count
 F = Vault count percentage of total count
                 A         B        C        D         E       F
            +---------+---------+-------+---------+---------+-------
      Total |    2994 |     457 |  13.2 |     123 |      22 |  15.2
            +---------+---------+-------+---------+---------+-------
        D:1 |      38 |       2 |   5.0 |      22 |       1 |   4.3
        D:2 |      79 |      39 |  33.1 |      14 |      13 |  48.1
        D:3 |      76 |      73 |  49.0 |      17 |       2 |  10.5
        D:4 |     501 |       2 |   0.4 |      18 |       1 |   5.3
        D:5 |     859 |       0 |   0.0 |      11 |       0 |   0.0
        D:6 |     843 |     172 |  16.9 |      24 |       1 |   4.0
        D:7 |     595 |       0 |   0.0 |      16 |       0 |   0.0
        D:8 |       3 |     169 |  98.3 |       1 |       4 |  80.0
            +---------+---------+-------+---------+---------+-------

Illustrated notes

Table legend:
 A = Kills in this place as a percentage of kills in entire the game.
 B = Kills by you in this place as a percentage of kills by you in the entire game.
 C = Kills by friends in this place as a percentage of kills by friends in the entire game.
 D = Other kills in this place as a percentage of other kills in the entire game.
 E = Experience gained in this place as a percentage of experience gained in the entire game.
 F = Experience gained in this place divided by the number of levels of this place that you have seen.
                   A       B       C       D       E      F
               +-------+-------+-------+-------+-------+----------------------
         Total | 100.0 | 100.0 | 100.0 | 100.0 | 100.0 | 431.4
       Dungeon | 100.0 | 100.0 | 100.0 | 100.0 | 100.0 | 431.4
               +-------+-------+-------+-------+-------+----------------------

Table legend: (Time is in decaauts)
 A = Elapsed time spent in this place.
 B = Non-inter-level travel time spent in this place.
 C = Inter-level travel time spent in this place.
 D = Time resting spent in this place.
 E = Time spent auto-exploring this place.
 F = Levels seen in this place.
 G = Mean time per level.
                   A        B        C        D        E       F      G
               +--------+--------+--------+--------+--------+-----+--------+
         Total |   6961 |   6736 |    225 |    926 |   4111 |   8 |  870.1 |
       Dungeon |   6961 |   6736 |    225 |    926 |   4111 |   8 |  870.1 |
               +--------+--------+--------+--------+--------+-----+--------+

Top non-repeatable levels by time:
     D:2: 1127 daAuts
     D:3: 1117 daAuts
     D:1: 1100 daAuts
     D:5: 1073 daAuts
     D:4: 964 daAuts
     D:6: 799 daAuts
     D:7: 630 daAuts
     D:8: 148 daAuts
